WCHLSIM.com - West Coast Hockey League
html PUBLIC "-//W3C//DTD XHTML 1.0 Transitional//EN" "http://www.w3.org/TR/xhtml1/DTD/xhtml1-transitional.dtd"> WCHL - Game 1007 - TEXAS TOROS vs BOISE CARIBOUS

TEXAS TOROS vs BOISE CARIBOUS

Created - 12 mars 2024 at 20:48

Goals
1 2 3 T
TEXAS TOROS 0 1 0 1
BOISE CARIBOUS 4 0 0 4
Shots
1 2 3 T
TEXAS TOROS 3 7 5 15
BOISE CARIBOUS 25 14 6 45

1st period

1. BOISE CARIBOUS , Phil Kessel 5 (Dylan DeMelo 13, Jesperi Kotkaniemi 3) at 5:44
2. BOISE CARIBOUS , Jean-Gabriel Pageau 20 (Lawson Crouse 17) at 8:13
3. BOISE CARIBOUS , Artturi Lehkonen 27 (Matt Duchene 26) at 14:06
4. BOISE CARIBOUS , Jean-Gabriel Pageau 21 (Lawson Crouse 18, Rasmus Dahlin 36) at 16:44

Penalties :
Wade Allison (TEX) for Holding (Minor) at 3:25

2nd period

5. TEXAS TOROS , Mikhail Sergachev 12 (Logan Cooley 6) at 0:56 (PP)

Penalties :
Rasmus Dahlin (BOI) for Roughing (Minor) at 0:19, Wade Allison (TEX) for Hooking (Minor) at 5:42, Logan Cooley (TEX) for Hooking (Minor) at 11:58, Moritz Seider (BOI) for Hooking (Minor) at 15:15

3rd period

No Goal

Penalties :
Dylan DeMelo (BOI) for Delaying the game (Minor) at 3:42, Tim Stutzle (BOI) for Hooking (Minor) at 14:10

Goalie Stats

Jett Alexander (TEX), 21 saves from 21 shots - (1,000), 43:16 minutes
Philipp Grubauer (TEX), 20 saves from 24 shots - (0,833), L, 10-19-4, 16:44 minutes
Ilya Sorokin (BOI), 14 saves from 15 shots - (0,933), W, 35-15-4, 60:00 minutes

Players Stats for TEXAS TOROS

Player Name              G  A  P  +/- PIM S  H  SB GA TA FO     MP     PP MP  PK MP  
------------------------------------------------------------------------------------
Bobby Brink              0  0  0   0  0   1  0  0  0  0  0/3    17:12   3:30   0:00 
Danton Heinen            0  0  0  -1  0   0  0  0  0  0  0/1    20:19   2:19   1:20 
Dougie Hamilton          0  0  0  -1  0   0  2  1  0  0  0/0    25:05   2:35   3:37 
Jesse Ylonen             0  0  0  -3  0   1  1  0  0  0  0/0    13:11   0:45   2:13 
Kevin Hayes              0  0  0   0  0   1  0  0  0  0  10/22  19:27   2:19   3:26 
Logan Cooley             0  1  1  -3  2   2  0  0  0  0  6/23   13:49   2:19   1:18 
Mikhail Sergachev        1  0  1  -1  0   3  2  2  0  0  0/0    25:05   2:35   3:37 
Miles Wood               0  0  0   0  0   1  0  0  0  0  0/0     7:09   0:00   0:15 
Nate Schmidt             0  0  0  -2  0   0  0  1  0  0  0/0    20:11   3:59   2:20 
Owen Power               0  0  0  -2  0   0  1  1  0  0  0/0    13:52   0:00   0:00 
Philip Broberg           0  0  0  -1  0   0  0  1  0  0  0/0    14:44   0:00   0:00 
Ryan Poehling            0  0  0   0  0   0  0  0  0  0  4/12    9:07   0:00   2:13 
Taylor Raddysh           0  0  0   0  0   0  2  0  0  0  0/2    13:42   0:00   0:00 
Trevor Zegras            0  0  0  -1  0   1  0  0  0  0  9/26   20:55   4:15   0:00 
Troy Terry               0  0  0  -1  0   4  3  0  0  0  0/1    20:55   4:15   0:00 
Tyson Barrie             0  0  0  -1  0   1  3  1  0  0  0/0    21:03   3:59   2:20 
Tyson Foerster           0  0  0  -3  0   0  0  0  0  0  1/1    10:13   0:00   0:00 
Wade Allison             0  0  0   0  4   0  0  0  0  0  0/0     8:01   0:00   1:09 

Players Stats for BOISE CARIBOUS

Player Name              G  A  P  +/- PIM S  H  SB GA TA FO     MP     PP MP  PK MP  
------------------------------------------------------------------------------------
Artturi Lehkonen         1  0  1   1  0   4  2  0  0  0  0/0    21:51   3:09   3:29 
Charlie Coyle            0  0  0   0  0   1  0  1  0  0  2/2    18:20   0:00   3:05 
Dylan DeMelo             0  1  1   2  2   0  1  0  0  0  0/0    14:35   0:00   0:00 
Gabriel Vilardi          0  0  0   2  0   2  0  0  0  0  1/1    13:41   2:26   0:00 
Jean-Gabriel Pageau      2  0  2   2  0   4  2  0  0  0  17/26  17:32   2:48   3:29 
Jesperi Kotkaniemi       0  1  1   1  0   2  1  0  0  0  8/8     5:46   0:00   0:00 
Kaapo Kakko              0  0  0   1  0   2  0  0  0  0  0/0     5:46   0:00   0:00 
Lawson Crouse            0  2  2   2  0   5  1  0  0  0  0/0    14:03   2:48   0:00 
Marcus Pettersson        0  0  0   0  0   0  1  0  0  0  0/0    20:06   0:00   3:34 
Matt Duchene             0  1  1   1  0   5  0  0  0  0  12/21  18:44   3:31   0:00 
Moritz Seider            0  0  0   0  2   3  3  2  0  0  0/0    21:08   2:26   2:11 
Nick Schmaltz            0  0  0   1  0   1  0  0  0  0  0/0    18:01   2:48   0:00 
Olli Maatta              0  0  0   2  0   0  0  0  0  0  0/0    15:42   0:00   1:06 
Phil Kessel              1  0  1   1  0   1  0  0  0  0  0/0     5:46   0:00   0:00 
Rasmus Andersson         0  0  0   2  0   0  0  0  0  0  0/0    20:21   0:00   4:00 
Rasmus Dahlin            0  1  1   2  2   4  3  0  0  0  0/0    22:08   3:31   2:17 
Tim Stutzle              0  0  0   0  2   6  1  0  0  0  0/2    18:23   3:09   0:00 
Vincent Trocheck         0  0  0   0  0   5  1  0  0  0  21/31  21:29   3:09   3:05 

3 Stars

1 - Jean-Gabriel Pageau (BOI)
2 - Lawson Crouse (BOI)
3 - Artturi Lehkonen (BOI)

Power Play

TEXAS TOROS - 1 on 4 Attempt(s) - 25,00%
BOISE CARIBOUS - 0 on 3 Attempt(s) - 0,00%

Penalty Kill

TEXAS TOROS - 3 on 3 Attempt(s) - 100,00% - Score 0 goal in Penalty Kill
BOISE CARIBOUS - 3 on 4 Attempt(s) - 75,00% - Score 0 goal in Penalty Kill

Team Stat

TEXAS TOROS - Hits : 14 - Faceoff Wins : 30 - Blocked Shots : 7 - Penalty Minutes : 6
BOISE CARIBOUS - Hits : 16 - Faceoff Wins : 61 - Blocked Shots : 3 - Penalty Minutes : 8

Official

Referees : Ian Walsh and Marc Joannette
Linesman : Andrew Smith and Scott Driscoll

Game Notes

Jett Alexander enters game at 16:44 of 1st period

Finance

Level 1 -- Attendance: 6000 (100,00%) -- Ticket Income 912 000 $
Level 2 -- Attendance: 4268 (85,36%) -- Ticket Income 524 964 $
Level 3 -- Attendance: 1884 (94,20%) -- Ticket Income 173 328 $
Level 4 -- Attendance: 3589 (89,73%) -- Ticket Income 244 052 $
Luxury Box -- Attendance: 971 (97,10%) -- Ticket Income 271 880 $
Total Attendance: 16712 (92,84%)
Total Ticket Income: 2 126 224 $
Other Expense: 21 262 $
Total Income: 2 104 962 $

TEXAS TOROS

5 vs 5 Forward 
   Center                   Left Wing                Right Wing               Time % Phy DF OF 
 1 Trevor Zegras            Danton Heinen            Troy Terry               36     1   2  2  
 2 Kevin Hayes              Bobby Brink              Taylor Raddysh           31     1   2  2  
 3 Logan Cooley             Jesse Ylonen             Tyson Foerster           23     1   2  2  
 4 Ryan Poehling            Miles Wood               Wade Allison             10     1   2  2  

5 vs 5 Defense 
   Defense                  Defense                                           Time % Phy DF OF 
 1 Mikhail Sergachev        Dougie Hamilton                                   36     1   2  2  
 2 Tyson Barrie             Philip Broberg                                    31     1   2  2  
 3 Owen Power               Nate Schmidt                                      23     1   2  2  
 4 Mikhail Sergachev        Dougie Hamilton                                   10     1   2  2  

PowerPlay Forward 
   Center                   Left Wing                Right Wing               Time % Phy DF OF 
 1 Trevor Zegras            Bobby Brink              Troy Terry               55     1   1  3  
 2 Logan Cooley             Kevin Hayes              Danton Heinen            45     1   1  3  

PowerPlay Defense
   Defense                  Defense                                           Time % Phy DF OF 
 1 Mikhail Sergachev        Dougie Hamilton                                   55     1   1  3  
 2 Tyson Barrie             Nate Schmidt                                      45     1   1  3  

Penalty Kill 4 Players Forward 
   Center                   Wing                     Time % Phy DF OF 
 1 Kevin Hayes              Wade Allison             55     1   3  1  
 2 Ryan Poehling            Jesse Ylonen             45     1   3  1  

Penalty Kill 4 Players Defense
   Defense                  Defense                  Time % Phy DF OF 
 1 Mikhail Sergachev        Dougie Hamilton          55     1   3  1  
 2 Nate Schmidt             Tyson Barrie             45     1   3  1  

Penalty Kill - 3 Players Forward 
   Forward                                           Time % Phy DF OF 
 1 Ryan Poehling                                     55     1   2  2  
 2 Wade Allison                                      45     1   2  2  

Penalty Kill - 3 Players Defense
   Defense                  Defense                  Time % Phy DF OF 
 1 Mikhail Sergachev        Dougie Hamilton          55     1   2  2  
 2 Nate Schmidt             Tyson Barrie             45     1   2  2  

4 vs 4 Forward 
   Center                   Wing                     Time % Phy DF OF 
 1 Trevor Zegras            Troy Terry               55     1   2  2  
 2 Logan Cooley             Bobby Brink              45     1   2  2  

4 vs 4 Defense
   Defense                  Defense                  Time % Phy DF OF 
 1 Mikhail Sergachev        Dougie Hamilton          55     1   2  2  
 2 Tyson Barrie             Nate Schmidt             45     1   2  2  

Last Minutes Offensive
   Center                   Left Wing                Right Wing               Defense                  Defense                  
   Trevor Zegras            Logan Cooley             Kevin Hayes              Mikhail Sergachev        Dougie Hamilton          

Last Minutes Defensive
   Center                   Left Wing                Right Wing               Defense                  Defense                  
   Ryan Poehling            Wade Allison             Miles Wood               Mikhail Sergachev        Dougie Hamilton          

Goaltenders
Starting : Philipp Grubauer         
Backup : Jett Alexander           

Extra Forwards
Normal : Jesse Ylonen, Tyson Foerster, Logan Cooley - PP : Jesse Ylonen, Tyson Foerster - PK : Logan Cooley
Extra Defensemen
Normal : Owen Power, Nate Schmidt, Tyson Barrie - PP : Owen Power - PK : Nate Schmidt, Tyson Barrie
Penalty Shots
Trevor Zegras, Troy Terry, Bobby Brink, Logan Cooley, Taylor Raddysh
Custom OT Lines Forwards
Kevin Hayes, Troy Terry, Trevor Zegras, Taylor Raddysh, Logan Cooley, Bobby Brink, Ryan Poehling, Wade Allison, Danton Heinen, Miles Wood
Custom OT Lines Defensemen
Mikhail Sergachev, Dougie Hamilton, Tyson Barrie, Nate Schmidt, Owen Power

Scratches
Colin Blackwell (Healthy), Adin Hill (Right Ankle Injury), Daniil Tarasov (Groin Injury)

BOISE CARIBOUS

5 vs 5 Forward 
   Center                   Left Wing                Right Wing               Time % Phy DF OF 
 1 Vincent Trocheck         Tim Stutzle              Charlie Coyle            33     0   2  3  
 2 Matt Duchene             Artturi Lehkonen         Nick Schmaltz            32     1   2  2  
 3 Jean-Gabriel Pageau      Lawson Crouse            Gabriel Vilardi          25     1   2  2  
 4 Jesperi Kotkaniemi       Phil Kessel              Kaapo Kakko              10     1   2  2  

5 vs 5 Defense 
   Defense                  Defense                                           Time % Phy DF OF 
 1 Rasmus Dahlin            Rasmus Andersson                                  36     1   2  2  
 2 Marcus Pettersson        Moritz Seider                                     36     1   2  2  
 3 Olli Maatta              Dylan DeMelo                                      28     1   3  1  
 4 Marcus Pettersson        Dylan DeMelo                                      0      0   5  0  

PowerPlay Forward 
   Center                   Left Wing                Right Wing               Time % Phy DF OF 
 1 Vincent Trocheck         Tim Stutzle              Artturi Lehkonen         65     0   1  4  
 2 Jean-Gabriel Pageau      Lawson Crouse            Nick Schmaltz            35     0   1  4  

PowerPlay Defense
   Defense                  Defense                                           Time % Phy DF OF 
 1 Rasmus Dahlin            Matt Duchene                                      60     0   1  4  
 2 Gabriel Vilardi          Moritz Seider                                     40     0   2  3  

Penalty Kill 4 Players Forward 
   Center                   Wing                     Time % Phy DF OF 
 1 Vincent Trocheck         Charlie Coyle            50     0   4  1  
 2 Jean-Gabriel Pageau      Artturi Lehkonen         50     0   4  1  

Penalty Kill 4 Players Defense
   Defense                  Defense                  Time % Phy DF OF 
 1 Moritz Seider            Rasmus Andersson         55     1   4  0  
 2 Rasmus Dahlin            Marcus Pettersson        45     1   3  1  

Penalty Kill - 3 Players Forward 
   Forward                                           Time % Phy DF OF 
 1 Jesperi Kotkaniemi                                55     1   2  2  
 2 Kaapo Kakko                                       45     1   2  2  

Penalty Kill - 3 Players Defense
   Defense                  Defense                  Time % Phy DF OF 
 1 Olli Maatta              Marcus Pettersson        55     1   2  2  
 2 Rasmus Andersson         Moritz Seider            45     1   2  2  

4 vs 4 Forward 
   Center                   Wing                     Time % Phy DF OF 
 1 Jesperi Kotkaniemi       Tim Stutzle              55     1   2  2  
 2 Charlie Coyle            Gabriel Vilardi          45     1   2  2  

4 vs 4 Defense
   Defense                  Defense                  Time % Phy DF OF 
 1 Rasmus Dahlin            Rasmus Andersson         55     1   2  2  
 2 Dylan DeMelo             Olli Maatta              45     1   2  2  

Last Minutes Offensive
   Center                   Left Wing                Right Wing               Defense                  Defense                  
   Vincent Trocheck         Tim Stutzle              Matt Duchene             Rasmus Dahlin            Moritz Seider            

Last Minutes Defensive
   Center                   Left Wing                Right Wing               Defense                  Defense                  
   Jean-Gabriel Pageau      Artturi Lehkonen         Charlie Coyle            Rasmus Dahlin            Rasmus Andersson         

Goaltenders
Starting : Ilya Sorokin             
Backup : Brian Elliott            

Extra Forwards
Normal : Matt Duchene, Gabriel Vilardi, Tim Stutzle - PP : Vincent Trocheck, Tim Stutzle - PK : Lawson Crouse
Extra Defensemen
Normal : Dylan DeMelo, Marcus Pettersson, Moritz Seider - PP : Dylan DeMelo - PK : Marcus Pettersson, Olli Maatta
Penalty Shots
Tim Stutzle, Artturi Lehkonen, Vincent Trocheck, Nick Schmaltz, Matt Duchene
Custom OT Lines Forwards
Tim Stutzle, Artturi Lehkonen, Vincent Trocheck, Charlie Coyle, Kaapo Kakko, Nick Schmaltz, Matt Duchene, Lawson Crouse, Gabriel Vilardi, Jesperi Kotkaniemi
Custom OT Lines Defensemen
Rasmus Dahlin, Rasmus Andersson, Moritz Seider, Olli Maatta, Dylan DeMelo

Scratches
Andrew Cogliano (Healthy), Pavel Mintyukov (Healthy), Kirill Marchenko (Healthy), Troy Stecher (Healthy)

% Time on Ice - TEXAS TOROS

Lines # - Real PCT - Wanted PCT - Time Play
Normal Forward
1 - 35% - 36% - 16:40
2 - 29% - 31% - 13:42
3 - 22% - 23% - 10:13
4 - 15% - 10% - 6:54
Normal Defense
1 - 36% - 36% - 17:18
2 - 31% - 31% - 14:44
3 - 29% - 23% - 13:52
4 - 3% - 10% - 1:35
PP Forward
1 - 65% - 55% - 4:15
2 - 35% - 45% - 2:19
PP Defense
1 - 39% - 55% - 2:35
2 - 61% - 45% - 3:59
PK Forward
1 - 63% - 55% - 3:44
2 - 37% - 45% - 2:13
PK Defense
1 - 61% - 55% - 3:37
2 - 39% - 45% - 2:20
PK3 Forward
1 - 0% - 55%
2 - 0% - 45%
PK3 Defense
1 - 0% - 55%
2 - 0% - 45%
44 Forward
1 - 0% - 55%
2 - 0% - 45%
44 Defense
1 - 0% - 55%
2 - 0% - 45%
Last Minute Offensive  - 0:00
Last Minute Defensive  - 0:00
Total
Forward - 60:00
Defense - 60:00

% Time on Ice - BOISE CARIBOUS

Lines # - Real PCT - Wanted PCT - Time Play
Normal Forward
1 - 32% - 33% - 15:15
2 - 32% - 32% - 15:13
3 - 24% - 25% - 11:15
4 - 12% - 10% - 5:46
Normal Defense
1 - 34% - 36% - 16:21
2 - 35% - 36% - 16:32
3 - 31% - 28% - 14:36
4 - 0% - 0% - 0:00
PP Forward
1 - 53% - 65% - 3:09
2 - 47% - 35% - 2:48
PP Defense
1 - 59% - 60% - 3:31
2 - 41% - 40% - 2:26
PK Forward
1 - 47% - 50% - 3:05
2 - 53% - 50% - 3:29
PK Defense
1 - 61% - 55% - 4:00
2 - 39% - 45% - 2:34
PK3 Forward
1 - 0% - 55%
2 - 0% - 45%
PK3 Defense
1 - 0% - 55%
2 - 0% - 45%
44 Forward
1 - 0% - 55%
2 - 0% - 45%
44 Defense
1 - 0% - 55%
2 - 0% - 45%
Last Minute Offensive  - 0:00
Last Minute Defensive  - 0:00
Total
Forward - 60:00
Defense - 60:00

Play-by-Play

1st period


0:01 of 1st period - Vincent Trocheck wins face-off versus Trevor Zegras in neutral zone.
0:20 of 1st period - Shot by Vincent Trocheck.
0:20 of 1st period - Stopped by Philipp Grubauer with a rebound.
0:44 of 1st period - Shot by Tim Stutzle.
0:44 of 1st period - Stopped by Philipp Grubauer with a rebound.
1:16 of 1st period - Shot by Moritz Seider.
1:16 of 1st period - Stopped by Philipp Grubauer without a rebound.
1:17 of 1st period - Jean-Gabriel Pageau wins face-off versus Logan Cooley in TEXAS TOROS zone.
1:18 of 1st period - Shot by Lawson Crouse.
1:18 of 1st period - Stopped by Philipp Grubauer with a rebound.
1:22 of 1st period - Shot by Gabriel Vilardi.
1:22 of 1st period - Stopped by Philipp Grubauer without a rebound.
1:23 of 1st period - Jean-Gabriel Pageau wins face-off versus Bobby Brink in TEXAS TOROS zone.
1:28 of 1st period - Shot by Jean-Gabriel Pageau.
1:28 of 1st period - Stopped by Philipp Grubauer without a rebound.
1:29 of 1st period - Jean-Gabriel Pageau wins face-off versus Logan Cooley in TEXAS TOROS zone.
1:40 of 1st period - Shot by Jean-Gabriel Pageau.
1:40 of 1st period - Deflect By Gabriel Vilardi.
1:40 of 1st period - Shot Blocked by Nate Schmidt.
1:42 of 1st period - Shot by Jean-Gabriel Pageau.
1:42 of 1st period - Stopped by Philipp Grubauer without a rebound.
1:43 of 1st period - Matt Duchene wins face-off versus Taylor Raddysh in TEXAS TOROS zone.
2:22 of 1st period - Shot by Nick Schmaltz.
2:22 of 1st period - Deflect By Matt Duchene.
2:22 of 1st period - Stopped by Philipp Grubauer without a rebound.
2:23 of 1st period - Jesperi Kotkaniemi wins face-off versus Ryan Poehling in TEXAS TOROS zone.
2:26 of 1st period - Shot by Kaapo Kakko.
2:26 of 1st period - Stopped by Philipp Grubauer without a rebound.
2:27 of 1st period - Logan Cooley wins face-off versus Jean-Gabriel Pageau in TEXAS TOROS zone.
2:50 of 1st period - Shot by Nate Schmidt.
2:50 of 1st period - Deflect By Tyson Foerster.
2:50 of 1st period - Shot Misses the Net.
3:04 of 1st period - Shot by Jean-Gabriel Pageau.
3:04 of 1st period - Shot Misses the Net.
3:25 of 1st period - Minor Penalty to Wade Allison for Holding.
3:26 of 1st period - Vincent Trocheck wins face-off versus Kevin Hayes in TEXAS TOROS zone.
4:07 of 1st period - Shot by Artturi Lehkonen.
4:07 of 1st period - Shot Misses the Net.
4:33 of 1st period - Shot by Nick Schmaltz.
4:33 of 1st period - Stopped by Philipp Grubauer without a rebound.
4:34 of 1st period - Ryan Poehling wins face-off versus Jean-Gabriel Pageau in TEXAS TOROS zone.
4:34 of 1st period - Ryan Poehling is hit by Jean-Gabriel Pageau.
4:51 of 1st period - Moritz Seider is hit by Jesse Ylonen and loses puck.
5:00 of 1st period - Shot by Lawson Crouse.
5:00 of 1st period - Shot Misses the Net.
5:02 of 1st period - Shot by Moritz Seider.
5:02 of 1st period - Shot Misses the Net.
5:04 of 1st period - Shot by Lawson Crouse.
5:04 of 1st period - Stopped by Philipp Grubauer without a rebound.
5:05 of 1st period - Kevin Hayes wins face-off versus Vincent Trocheck in TEXAS TOROS zone.
5:38 of 1st period - Shot by Jesperi Kotkaniemi.
5:38 of 1st period - Shot Misses the Net.
5:40 of 1st period - Shot by Dylan DeMelo.
5:40 of 1st period - Deflect By Jesperi Kotkaniemi.
5:40 of 1st period - Stopped by Philipp Grubauer with a rebound.
5:42 of 1st period - Shot by Dylan DeMelo.
5:42 of 1st period - Shot Blocked by Philip Broberg.
5:44 of 1st period - Shot by Phil Kessel.
5:44 of 1st period - Goal by Phil Kessel - TEXAS TOROS : 0 - BOISE CARIBOUS : 1.
5:45 of 1st period - Vincent Trocheck wins face-off versus Ryan Poehling in neutral zone.
6:02 of 1st period - Shot by Charlie Coyle.
6:02 of 1st period - Stopped by Philipp Grubauer without a rebound.
6:03 of 1st period - Matt Duchene wins face-off versus Bobby Brink in TEXAS TOROS zone.
7:05 of 1st period - Trevor Zegras is hit by Rasmus Dahlin and loses puck.
7:27 of 1st period - Shot by Troy Terry.
7:27 of 1st period - Shot Misses the Net.
7:41 of 1st period - Shot by Tim Stutzle.
7:41 of 1st period - Stopped by Philipp Grubauer without a rebound.
7:42 of 1st period - Logan Cooley wins face-off versus Jean-Gabriel Pageau in TEXAS TOROS zone.
8:13 of 1st period - Shot by Jean-Gabriel Pageau.
8:13 of 1st period - Goal by Jean-Gabriel Pageau - TEXAS TOROS : 0 - BOISE CARIBOUS : 2.
8:14 of 1st period - Vincent Trocheck wins face-off versus Ryan Poehling in neutral zone.
8:26 of 1st period - Icing by Moritz Seider.
8:27 of 1st period - Vincent Trocheck wins face-off versus Taylor Raddysh in BOISE CARIBOUS zone.
8:52 of 1st period - Shot by Vincent Trocheck.
8:52 of 1st period - Stopped by Philipp Grubauer without a rebound.
8:53 of 1st period - Matt Duchene wins face-off versus Trevor Zegras in TEXAS TOROS zone.
9:21 of 1st period - Shot by Artturi Lehkonen.
9:21 of 1st period - Shot Misses the Net.
9:26 of 1st period - Mikhail Sergachev is hit by Rasmus Dahlin and loses puck.
9:51 of 1st period - Off-side.
9:52 of 1st period - Charlie Coyle wins face-off versus Logan Cooley in neutral zone.
10:59 of 1st period - Shot by Kevin Hayes.
10:59 of 1st period - Stopped by Ilya Sorokin without a rebound.
11:00 of 1st period - Jesperi Kotkaniemi wins face-off versus Ryan Poehling in BOISE CARIBOUS zone.
11:12 of 1st period - Shot by Miles Wood.
11:12 of 1st period - Stopped by Ilya Sorokin without a rebound.
11:13 of 1st period - Trevor Zegras wins face-off versus Jean-Gabriel Pageau in BOISE CARIBOUS zone.
11:44 of 1st period - Shot by Troy Terry.
11:44 of 1st period - Stopped by Ilya Sorokin without a rebound.
11:45 of 1st period - Kevin Hayes wins face-off versus Vincent Trocheck in BOISE CARIBOUS zone.
13:23 of 1st period - Shot by Artturi Lehkonen.
13:23 of 1st period - Deflect By Matt Duchene.
13:23 of 1st period - Stopped by Philipp Grubauer without a rebound.
13:24 of 1st period - Trevor Zegras wins face-off versus Jean-Gabriel Pageau in TEXAS TOROS zone.
13:24 of 1st period - Trevor Zegras is hit by Lawson Crouse.
13:49 of 1st period - Shot by Lawson Crouse.
13:49 of 1st period - Stopped by Philipp Grubauer without a rebound.
13:50 of 1st period - Matt Duchene wins face-off versus Logan Cooley in TEXAS TOROS zone.
13:51 of 1st period - Shot by Rasmus Dahlin.
13:51 of 1st period - Shot Misses the Net.
13:53 of 1st period - Shot by Rasmus Dahlin.
13:53 of 1st period - Stopped by Philipp Grubauer without a rebound.
13:54 of 1st period - Jesperi Kotkaniemi wins face-off versus Logan Cooley in TEXAS TOROS zone.
14:02 of 1st period - Icing by Dougie Hamilton.
14:03 of 1st period - Matt Duchene wins face-off versus Logan Cooley in TEXAS TOROS zone.
14:06 of 1st period - Shot by Artturi Lehkonen.
14:06 of 1st period - Goal by Artturi Lehkonen - TEXAS TOROS : 0 - BOISE CARIBOUS : 3.
14:07 of 1st period - Trevor Zegras wins face-off versus Matt Duchene in neutral zone.
14:09 of 1st period - Dougie Hamilton is hit by Marcus Pettersson and loses puck.
14:13 of 1st period - Icing by Moritz Seider.
14:14 of 1st period - Trevor Zegras wins face-off versus Matt Duchene in BOISE CARIBOUS zone.
15:32 of 1st period - Shot by Jean-Gabriel Pageau.
15:32 of 1st period - Shot Blocked by Tyson Barrie.
15:36 of 1st period - Shot by Gabriel Vilardi.
15:36 of 1st period - Stopped by Philipp Grubauer without a rebound.
15:37 of 1st period - Vincent Trocheck wins face-off versus Logan Cooley in TEXAS TOROS zone.
16:36 of 1st period - Shot by Jean-Gabriel Pageau.
16:36 of 1st period - Shot Misses the Net.
16:38 of 1st period - Shot by Rasmus Andersson.
16:38 of 1st period - Shot Misses the Net.
16:40 of 1st period - Shot by Rasmus Dahlin.
16:40 of 1st period - Shot Blocked by Owen Power.
16:42 of 1st period - Shot by Jean-Gabriel Pageau.
16:42 of 1st period - Deflect By Lawson Crouse.
16:42 of 1st period - Stopped by Philipp Grubauer with a rebound.
16:44 of 1st period - Shot by Jean-Gabriel Pageau.
16:44 of 1st period - Goal by Jean-Gabriel Pageau - TEXAS TOROS : 0 - BOISE CARIBOUS : 4.
16:44 of 1st period - Jett Alexander enters game.
16:45 of 1st period - Jesperi Kotkaniemi wins face-off versus Trevor Zegras in neutral zone.
17:02 of 1st period - Shot by Moritz Seider.
17:02 of 1st period - Shot Misses the Net.
17:04 of 1st period - Shot by Phil Kessel.
17:04 of 1st period - Shot Misses the Net.
17:06 of 1st period - Shot by Moritz Seider.
17:06 of 1st period - Stopped by Jett Alexander without a rebound.
17:07 of 1st period - Jean-Gabriel Pageau wins face-off versus Kevin Hayes in TEXAS TOROS zone.
17:34 of 1st period - Shot by Lawson Crouse.
17:34 of 1st period - Shot Misses the Net.
19:02 of 1st period - Shot by Vincent Trocheck.
19:02 of 1st period - Shot Misses the Net.
19:30 of 1st period - Icing by Owen Power.
19:31 of 1st period - Ryan Poehling wins face-off versus Matt Duchene in TEXAS TOROS zone.
19:42 of 1st period - Shot by Wade Allison.
19:42 of 1st period - Shot Blocked by Moritz Seider.
19:54 of 1st period - Wade Allison is hit by Artturi Lehkonen and loses puck.
Goals for this period are 0 for TEXAS TOROS vs 4 for BOISE CARIBOUS.
Shots for this period are 3 for TEXAS TOROS vs 25 for BOISE CARIBOUS.

2nd period


0:01 of 2nd period - Kevin Hayes wins face-off versus Matt Duchene in neutral zone.
0:19 of 2nd period - Minor Penalty to Rasmus Dahlin for Roughing.
0:20 of 2nd period - Vincent Trocheck wins face-off versus Bobby Brink in BOISE CARIBOUS zone.
0:42 of 2nd period - Shot by Troy Terry.
0:42 of 2nd period - Stopped by Ilya Sorokin without a rebound.
0:43 of 2nd period - Logan Cooley wins face-off versus Vincent Trocheck in BOISE CARIBOUS zone.
0:46 of 2nd period - Shot by Kevin Hayes.
0:46 of 2nd period - Shot Blocked by Charlie Coyle.
0:56 of 2nd period - Shot by Mikhail Sergachev.
0:56 of 2nd period - Goal by Mikhail Sergachev - TEXAS TOROS : 1 - BOISE CARIBOUS : 4.
0:57 of 2nd period - Jesperi Kotkaniemi wins face-off versus Ryan Poehling in neutral zone.
1:52 of 2nd period - Taylor Raddysh is hit by Jesperi Kotkaniemi.
2:11 of 2nd period - Off-side.
2:12 of 2nd period - Matt Duchene wins face-off versus Trevor Zegras in neutral zone.
2:23 of 2nd period - Icing by Nate Schmidt.
2:24 of 2nd period - Trevor Zegras wins face-off versus Vincent Trocheck in TEXAS TOROS zone.
3:42 of 2nd period - Artturi Lehkonen is hit by Troy Terry and loses puck.
4:18 of 2nd period - Lawson Crouse is hit by Mikhail Sergachev and loses puck.
4:26 of 2nd period - Lawson Crouse is hit by Dougie Hamilton and loses puck.
4:36 of 2nd period - Icing by Mikhail Sergachev.
4:37 of 2nd period - Tyson Foerster wins face-off versus Vincent Trocheck in TEXAS TOROS zone.
5:22 of 2nd period - Taylor Raddysh is hit by Tim Stutzle and loses puck.
5:42 of 2nd period - Minor Penalty to Wade Allison for Hooking.
5:43 of 2nd period - Jean-Gabriel Pageau wins face-off versus Kevin Hayes in TEXAS TOROS zone.
6:04 of 2nd period - Shot by Matt Duchene.
6:04 of 2nd period - Stopped by Jett Alexander without a rebound.
6:05 of 2nd period - Ryan Poehling wins face-off versus Jean-Gabriel Pageau in TEXAS TOROS zone.
7:46 of 2nd period - Icing by Owen Power.
7:47 of 2nd period - Jesperi Kotkaniemi wins face-off versus Ryan Poehling in TEXAS TOROS zone.
8:00 of 2nd period - Shot by Jesperi Kotkaniemi.
8:00 of 2nd period - Stopped by Jett Alexander with a rebound.
8:13 of 2nd period - Owen Power is hit by Dylan DeMelo.
8:16 of 2nd period - Icing by Olli Maatta.
8:17 of 2nd period - Jesperi Kotkaniemi wins face-off versus Logan Cooley in BOISE CARIBOUS zone.
8:38 of 2nd period - Shot by Kaapo Kakko.
8:38 of 2nd period - Shot Blocked by Mikhail Sergachev.
9:18 of 2nd period - Icing by Rasmus Andersson.
9:19 of 2nd period - Matt Duchene wins face-off versus Kevin Hayes in BOISE CARIBOUS zone.
10:35 of 2nd period - Shot by Jean-Gabriel Pageau.
10:35 of 2nd period - Shot Misses the Net.
10:37 of 2nd period - Shot by Moritz Seider.
10:37 of 2nd period - Stopped by Jett Alexander without a rebound.
10:38 of 2nd period - Vincent Trocheck wins face-off versus Danton Heinen in TEXAS TOROS zone.
11:19 of 2nd period - Icing by Owen Power.
11:20 of 2nd period - Jean-Gabriel Pageau wins face-off versus Trevor Zegras in TEXAS TOROS zone.
11:58 of 2nd period - Minor Penalty to Logan Cooley for Hooking.
11:59 of 2nd period - Kevin Hayes wins face-off versus Vincent Trocheck in TEXAS TOROS zone.
11:59 of 2nd period - Kevin Hayes is hit by Artturi Lehkonen.
12:21 of 2nd period - Shot by Tim Stutzle.
12:21 of 2nd period - Stopped by Jett Alexander with a rebound.
12:23 of 2nd period - Shot by Matt Duchene.
12:23 of 2nd period - Stopped by Jett Alexander without a rebound.
12:24 of 2nd period - Jean-Gabriel Pageau wins face-off versus Kevin Hayes in TEXAS TOROS zone.
13:28 of 2nd period - Shot by Artturi Lehkonen.
13:28 of 2nd period - Stopped by Jett Alexander with a rebound.
13:30 of 2nd period - Shot by Rasmus Dahlin.
13:30 of 2nd period - Stopped by Jett Alexander without a rebound.
13:31 of 2nd period - Vincent Trocheck wins face-off versus Kevin Hayes in TEXAS TOROS zone.
13:36 of 2nd period - Shot by Rasmus Dahlin.
13:36 of 2nd period - Shot Misses the Net.
13:38 of 2nd period - Shot by Tim Stutzle.
13:38 of 2nd period - Stopped by Jett Alexander with a rebound.
13:40 of 2nd period - Shot by Rasmus Dahlin.
13:40 of 2nd period - Stopped by Jett Alexander without a rebound.
13:41 of 2nd period - Vincent Trocheck wins face-off versus Kevin Hayes in TEXAS TOROS zone.
13:44 of 2nd period - Shot by Tim Stutzle.
13:44 of 2nd period - Stopped by Jett Alexander without a rebound.
13:45 of 2nd period - Kevin Hayes wins face-off versus Vincent Trocheck in TEXAS TOROS zone.
13:51 of 2nd period - Icing by Rasmus Dahlin.
13:52 of 2nd period - Vincent Trocheck wins face-off versus Kevin Hayes in BOISE CARIBOUS zone.
14:01 of 2nd period - Icing by Troy Terry.
14:02 of 2nd period - Trevor Zegras wins face-off versus Matt Duchene in TEXAS TOROS zone.
14:07 of 2nd period - Artturi Lehkonen is hit by Troy Terry and loses puck.
14:28 of 2nd period - Shot by Trevor Zegras.
14:28 of 2nd period - Stopped by Ilya Sorokin without a rebound.
14:29 of 2nd period - Kevin Hayes wins face-off versus Tim Stutzle in BOISE CARIBOUS zone.
14:29 of 2nd period - Dougie Hamilton is hit by Moritz Seider and loses puck.
14:38 of 2nd period - Shot by Kevin Hayes.
14:38 of 2nd period - Shot Misses the Net.
14:47 of 2nd period - Bobby Brink is hit by Moritz Seider and loses puck.
15:15 of 2nd period - Minor Penalty to Moritz Seider for Hooking.
15:16 of 2nd period - Logan Cooley wins face-off versus Jean-Gabriel Pageau in BOISE CARIBOUS zone.
15:23 of 2nd period - Shot by Tyson Barrie.
15:23 of 2nd period - Shot Misses the Net.
15:25 of 2nd period - Shot by Logan Cooley.
15:25 of 2nd period - Stopped by Ilya Sorokin without a rebound.
15:26 of 2nd period - Jean-Gabriel Pageau wins face-off versus Troy Terry in BOISE CARIBOUS zone.
15:39 of 2nd period - Shot by Jean-Gabriel Pageau.
15:39 of 2nd period - Deflect By Artturi Lehkonen.
15:39 of 2nd period - Stopped by Jett Alexander with a rebound.
15:45 of 2nd period - Shot by Artturi Lehkonen.
15:45 of 2nd period - Stopped by Jett Alexander without a rebound.
15:46 of 2nd period - Charlie Coyle wins face-off versus Logan Cooley in TEXAS TOROS zone.
16:06 of 2nd period - Shot by Mikhail Sergachev.
16:06 of 2nd period - Stopped by Ilya Sorokin without a rebound.
16:07 of 2nd period - Vincent Trocheck wins face-off versus Trevor Zegras in BOISE CARIBOUS zone.
16:15 of 2nd period - Icing by Troy Terry.
16:16 of 2nd period - Vincent Trocheck wins face-off versus Trevor Zegras in TEXAS TOROS zone.
16:24 of 2nd period - Icing by Nate Schmidt.
16:25 of 2nd period - Vincent Trocheck wins face-off versus Trevor Zegras in TEXAS TOROS zone.
16:29 of 2nd period - Shot by Vincent Trocheck.
16:29 of 2nd period - Stopped by Jett Alexander with a rebound.
16:57 of 2nd period - Off-side.
16:58 of 2nd period - Logan Cooley wins face-off versus Vincent Trocheck in neutral zone.
17:09 of 2nd period - Shot by Mikhail Sergachev.
17:09 of 2nd period - Stopped by Ilya Sorokin without a rebound.
17:10 of 2nd period - Jean-Gabriel Pageau wins face-off versus Logan Cooley in BOISE CARIBOUS zone.
17:34 of 2nd period - Shot by Kaapo Kakko.
17:34 of 2nd period - Stopped by Jett Alexander without a rebound.
17:35 of 2nd period - Matt Duchene wins face-off versus Trevor Zegras in TEXAS TOROS zone.
17:35 of 2nd period - Matt Duchene is hit by Mikhail Sergachev.
18:27 of 2nd period - Icing by Moritz Seider.
18:28 of 2nd period - Matt Duchene wins face-off versus Kevin Hayes in BOISE CARIBOUS zone.
18:41 of 2nd period - Shot by Bobby Brink.
18:41 of 2nd period - Stopped by Ilya Sorokin with a rebound.
19:00 of 2nd period - Bobby Brink is hit by Rasmus Dahlin and loses puck.
19:04 of 2nd period - Icing by Jean-Gabriel Pageau.
19:05 of 2nd period - Jean-Gabriel Pageau wins face-off versus Logan Cooley in BOISE CARIBOUS zone.
19:17 of 2nd period - Off-side.
19:18 of 2nd period - Vincent Trocheck wins face-off versus Ryan Poehling in neutral zone.
19:48 of 2nd period - Icing by Mikhail Sergachev.
19:49 of 2nd period - Ryan Poehling wins face-off versus Jean-Gabriel Pageau in TEXAS TOROS zone.
19:56 of 2nd period - Shot by Dougie Hamilton.
19:56 of 2nd period - Shot Misses the Net.
Goals for this period are 1 for TEXAS TOROS vs 0 for BOISE CARIBOUS.
Shots for this period are 7 for TEXAS TOROS vs 14 for BOISE CARIBOUS.

3rd period


0:01 of 3rd period - Vincent Trocheck wins face-off versus Trevor Zegras in neutral zone.
0:03 of 3rd period - Rasmus Dahlin is hit by Dougie Hamilton and loses puck.
1:02 of 3rd period - Trevor Zegras is hit by Jean-Gabriel Pageau and loses puck.
1:18 of 3rd period - Icing by Logan Cooley.
1:19 of 3rd period - Matt Duchene wins face-off versus Logan Cooley in TEXAS TOROS zone.
1:19 of 3rd period - Nick Schmaltz is hit by Tyson Barrie.
1:42 of 3rd period - Icing by Tyson Foerster.
1:43 of 3rd period - Gabriel Vilardi wins face-off versus Logan Cooley in TEXAS TOROS zone.
1:43 of 3rd period - Gabriel Vilardi is hit by Tyson Barrie.
1:51 of 3rd period - Shot by Lawson Crouse.
1:51 of 3rd period - Stopped by Jett Alexander without a rebound.
1:52 of 3rd period - Kevin Hayes wins face-off versus Jean-Gabriel Pageau in TEXAS TOROS zone.
3:14 of 3rd period - Shot by Nick Schmaltz.
3:14 of 3rd period - Deflect By Matt Duchene.
3:14 of 3rd period - Stopped by Jett Alexander without a rebound.
3:15 of 3rd period - Trevor Zegras wins face-off versus Tim Stutzle in TEXAS TOROS zone.
3:42 of 3rd period - Minor Penalty to Dylan DeMelo for Delaying the game.
3:43 of 3rd period - Jean-Gabriel Pageau wins face-off versus Kevin Hayes in BOISE CARIBOUS zone.
4:28 of 3rd period - Troy Terry is hit by Moritz Seider and loses puck.
4:37 of 3rd period - Shot by Tyson Barrie.
4:37 of 3rd period - Stopped by Ilya Sorokin without a rebound.
4:38 of 3rd period - Jean-Gabriel Pageau wins face-off versus Trevor Zegras in BOISE CARIBOUS zone.
4:44 of 3rd period - Icing by Mikhail Sergachev.
4:45 of 3rd period - Jean-Gabriel Pageau wins face-off versus Trevor Zegras in TEXAS TOROS zone.
4:52 of 3rd period - Shot by Rasmus Dahlin.
4:52 of 3rd period - Stopped by Jett Alexander with a rebound.
6:10 of 3rd period - Icing by Phil Kessel.
6:11 of 3rd period - Jesperi Kotkaniemi wins face-off versus Logan Cooley in BOISE CARIBOUS zone.
6:35 of 3rd period - Shot by Jesse Ylonen.
6:35 of 3rd period - Shot Misses the Net.
6:55 of 3rd period - Owen Power is hit by Vincent Trocheck and loses puck.
7:18 of 3rd period - Shot by Vincent Trocheck.
7:18 of 3rd period - Stopped by Jett Alexander without a rebound.
7:19 of 3rd period - Trevor Zegras wins face-off versus Matt Duchene in TEXAS TOROS zone.
7:36 of 3rd period - Shot by Artturi Lehkonen.
7:36 of 3rd period - Shot Blocked by Mikhail Sergachev.
7:38 of 3rd period - Shot by Moritz Seider.
7:38 of 3rd period - Shot Blocked by Dougie Hamilton.
8:31 of 3rd period - Shot by Vincent Trocheck.
8:31 of 3rd period - Shot Misses the Net.
8:33 of 3rd period - Shot by Charlie Coyle.
8:33 of 3rd period - Deflect By Tim Stutzle.
8:33 of 3rd period - Stopped by Jett Alexander without a rebound.
8:34 of 3rd period - Jean-Gabriel Pageau wins face-off versus Kevin Hayes in TEXAS TOROS zone.
9:29 of 3rd period - Icing by Philip Broberg.
9:30 of 3rd period - Kevin Hayes wins face-off versus Vincent Trocheck in TEXAS TOROS zone.
9:37 of 3rd period - Icing by Tyson Barrie.
9:38 of 3rd period - Vincent Trocheck wins face-off versus Kevin Hayes in TEXAS TOROS zone.
9:45 of 3rd period - Shot by Vincent Trocheck.
9:45 of 3rd period - Shot Misses the Net.
9:48 of 3rd period - Icing by Tyson Barrie.
9:49 of 3rd period - Kevin Hayes wins face-off versus Matt Duchene in TEXAS TOROS zone.
10:03 of 3rd period - Icing by Tyson Barrie.
10:04 of 3rd period - Kevin Hayes wins face-off versus Vincent Trocheck in TEXAS TOROS zone.
10:09 of 3rd period - Vincent Trocheck is hit by Taylor Raddysh and loses puck.
10:17 of 3rd period - Icing by Rasmus Andersson.
10:18 of 3rd period - Vincent Trocheck wins face-off versus Trevor Zegras in BOISE CARIBOUS zone.
10:18 of 3rd period - Vincent Trocheck is hit by Troy Terry.
10:41 of 3rd period - Shot by Troy Terry.
10:41 of 3rd period - Stopped by Ilya Sorokin without a rebound.
10:42 of 3rd period - Matt Duchene wins face-off versus Logan Cooley in BOISE CARIBOUS zone.
11:01 of 3rd period - Shot by Logan Cooley.
11:01 of 3rd period - Deflect By Jesse Ylonen.
11:01 of 3rd period - Shot Blocked by Moritz Seider.
11:03 of 3rd period - Shot by Nate Schmidt.
11:03 of 3rd period - Shot Misses the Net.
12:36 of 3rd period - Off-side.
12:37 of 3rd period - Jean-Gabriel Pageau wins face-off versus Ryan Poehling in neutral zone.
12:41 of 3rd period - Lawson Crouse is hit by Owen Power and loses puck.
13:30 of 3rd period - Off-side.
13:31 of 3rd period - Logan Cooley wins face-off versus Matt Duchene in neutral zone.
13:46 of 3rd period - Shot by Logan Cooley.
13:46 of 3rd period - Stopped by Ilya Sorokin with a rebound.
13:48 of 3rd period - Shot by Jesse Ylonen.
13:48 of 3rd period - Stopped by Ilya Sorokin without a rebound.
13:49 of 3rd period - Vincent Trocheck wins face-off versus Trevor Zegras in BOISE CARIBOUS zone.
13:53 of 3rd period - Icing by Vincent Trocheck.
13:54 of 3rd period - Vincent Trocheck wins face-off versus Trevor Zegras in BOISE CARIBOUS zone.
14:10 of 3rd period - Minor Penalty to Tim Stutzle for Hooking.
14:11 of 3rd period - Jean-Gabriel Pageau wins face-off versus Trevor Zegras in BOISE CARIBOUS zone.
14:17 of 3rd period - Icing by Tyson Barrie.
14:18 of 3rd period - Vincent Trocheck wins face-off versus Trevor Zegras in TEXAS TOROS zone.
15:44 of 3rd period - Off-side.
15:45 of 3rd period - Jean-Gabriel Pageau wins face-off versus Logan Cooley in neutral zone.
17:25 of 3rd period - Shot by Vincent Trocheck.
17:25 of 3rd period - Stopped by Jett Alexander without a rebound.
17:26 of 3rd period - Trevor Zegras wins face-off versus Matt Duchene in TEXAS TOROS zone.
17:33 of 3rd period - Shot by Troy Terry.
17:33 of 3rd period - Stopped by Ilya Sorokin without a rebound.
17:34 of 3rd period - Matt Duchene wins face-off versus Logan Cooley in BOISE CARIBOUS zone.
18:03 of 3rd period - Shot by Jesse Ylonen.
18:03 of 3rd period - Shot Misses the Net.
18:59 of 3rd period - Rasmus Dahlin is hit by Tyson Barrie and loses puck.
19:13 of 3rd period - Shot by Lawson Crouse.
19:13 of 3rd period - Shot Misses the Net.
19:36 of 3rd period - Jean-Gabriel Pageau is hit by Taylor Raddysh and loses puck.
Goals for this period are 0 for TEXAS TOROS vs 0 for BOISE CARIBOUS.
Shots for this period are 5 for TEXAS TOROS vs 6 for BOISE CARIBOUS.


BLAKE
WHEELER
STEVEN
STAMKOS
DREW
DOUGHTY

EAST COAST

HOCKEY LEAGUE

  • 63.RHI2PIT5
  • 64.WOR4ATL3
  • 65.QUECHW
  • 66.CHATRV